 Seeded DCSS version 0.30.1 (webtiles) character file.

Game seed: 13076571313884902175 (custom seed)

28 CInkIbrahim the Poker (level 3, 32/32 HPs)
             Began as an Armataur Berserker on July 12, 2023.
             Was a Follower of Trog.
             Quit the game on level 2 of the Dungeon.
             The game lasted 00:01:29 (746 turns).

CInkIbrahim the Poker (Armataur Berserker)           Turns: 746, Time: 00:01:30

Health: 32/32      AC:  4    Str: 24    XL:     3   Next: 0%
Magic:  3/3        EV:  9    Int:  7    God:    Trog [*.....]
Gold:   87         SH:  0    Dex:  9    Spells: 2/2 levels left

rFire   . . .        a - +1 spear
rCold   . . .        (no shield)
rNeg    . . .        b - +0 animal skin
rPois   .            (no helmet)
rElec   .            (no cloak)
rCorr   .            (no gloves)
SInv    .            (no barding)
Will    .....        (no amulet)
Stlth   +            (no ring)
HPRegen 0.25/turn    (no ring)
MPRegen 0.08/turn

%: roll
@: no status effects
A: large, rugged brown scales 3, deformed body, armoured tail, roll, long
tongue, awkward tongue
a: Renounce Religion, Berserk


You were on level 2 of the Dungeon.
You worshipped Trog.
Trog was aware of your devotion.
You visited 1 branch of the dungeon, and saw 2 of its levels.

You collected 87 gold pieces.

Inventory:

Hand Weapons
 a - a +1 spear (weapon)
Armour
 b - a +0 animal skin (worn)
Scrolls
 c - a scroll of magic mapping {unknown}
 d - a scroll of enchant weapon
Potions
 e - a potion of haste {unknown}
 g - a potion of lignification {unknown}


   Skills:
 - Level 2.6 Fighting
 + Level 3.4 Polearms
 - Level 2.4 Armour
 - Level 1.3 Dodging


You had 2 spell levels left.
You didn't know any spells.
Your spell library was empty.

Dungeon Overview and Level Annotations

Branches:
Dungeon (2/15)

Altars:


Innate Abilities, Weirdness & Mutations

You are completely covered in rugged brown scales. (AC +3, +7% HP)
Armour fits poorly on your strangely shaped body.
You have a long armoured tail.
You roll when moving toward enemies. (Rampage)
Your long tongue fully drains potion bottles. (2x potion effects)
Your tongue gives you trouble enunciating. (1.5x scroll delay)


Message History

You recover from your berserk rage.
You start resting.
HP restored.
f - 2 scrolls labelled VUAGIA ROOQ (gained 1)
Found a dagger.
No target in view!
You now have 73 gold pieces (gained 14).
A bat comes into view.
The bat moves out of view.
No target in view!
You see here 14 gold pieces.
A bat is nearby!
You closely miss the bat. The bat hits you but does no damage. x2
A bat is nearby!
You barely miss the bat.
Your tail-slap misses the bat.
The bat hits you but does no damage.
A bat is nearby!
You reach to attack!
You closely miss the bat. The bat hits you.
A bat is nearby!
You reach to attack!
You closely miss the bat. The bat hits you but does no damage.
A bat is nearby!
You closely miss the bat. The bat barely misses you.
The bat hits you but does no damage.
A bat is nearby!
You hit the bat.
You kill the bat!
Trog accepts your kill.
You have reached level 3!
Your experience leads to an increase in your attributes!
Increase (S)trength, (I)ntelligence, or (D)exterity?
You feel stronger. x2
You now have 87 gold pieces (gained 14).
You see here a bat corpse.
Found a chain mail.
No target in view!
This is a scroll of acquirement!
Something appears at your feet! Something appears at your feet!
Are you sure you want to abandon this character and quit the game? (Confirm with "yes".)

#......# # #[..#
##.....# #...# ##.####
#...# #.# # #...# #.##
#.#...# #..# #.#...##
##.## #......# #..##
#..@.# ##..####
.###....########....#
................###.#
#######.#######.###.##
#####..†.#..........##
.......#.#.###........
####...#.#.# #......#.
#)......# #########
#.#.#.###


There were no monsters in sight!

Vanquished Creatures
  An adder (D:2)
  2 dart slugs (D:1)
  2 ball pythons (D:1)
  2 endoplasms (D:1)
  2 goblins (D:1)
  2 kobolds (D:1)
  A bat (D:2)
  3 frilled lizards
  2 rats (D:1)
17 creatures vanquished.

Notes
Turn   | Place    | Note
-------+----------+-------------------------------------------
     0 | D:1      | CInkIbrahim the Armataur Berserker began the quest for the
                  | Orb.
     0 | D:1      | Reached XP level 1. HP: 19/19 MP: 1/1
   265 | D:1      | Reached skill level 3 in Polearms
   265 | D:1      | Reached XP level 2. HP: 25/26 MP: 2/2
   738 | D:2      | Reached XP level 3. HP: 32/32 MP: 3/3
   744 | D:2      | Identified 2 scrolls of acquirement
   744 | D:2      | Acquired 893 gold pieces
   745 | D:2      | Acquired the ring "Masonk" {Fire *Corrode rPois Str+8 Dex-4
                  | Slay+2}
   746 | D:2      | Quit the game

Illustrated notes

Levels and vault maps discovered:
D:1:      lightli_arrival_boilingwater, layout_loops_cross
D:2:      layout_basic, minmay_split_cup_large

Skill      XL: |  1 |
---------------+----+-----
Polearms       | 3 |  3.4
Fighting       | |  2.6
Armour         | |  2.4
Dodging        | |  1.3

Action                     || total
---------------------------++-------
  Melee: Spear             ||    54
         Tailslap          ||     4
         Punch             ||     1
 Invoke: Berserk           ||     1
    Use: Scroll            ||     3
   Stab: Sleeping          ||     1
 Armour: Animal skin       ||    13
  Dodge: Dodged            ||    14
